 Dungeon Crawl Stone Soup version 0.26-b1-32-g5d43845318 (webtiles) character file.

Game seed: 11431164966306666213

2221 Canard the Grappler (level 9, -9/88 HPs)
             Began as a Troll Fighter on Jan 9, 2021.
             Mangled by an orc warrior
             ... wielding a +0 dire flail
              (18 damage)
             ... on level 7 of the Dungeon.
             The game lasted 00:06:51 (4183 turns).

Canard the Grappler (Troll Fighter)                 Turns: 4183, Time: 00:06:51

Health: -9/88      AC:  8    Str: 29    XL:     9   Next: 13%
Magic:  8/8        EV: 13    Int:  4    God:
Gold:   486        SH:  9    Dex:  9    Spells: 8/8 levels left

rFire    . . .     SeeInvis .     - Unarmed
rCold    + . .     Faith    .   b - +0 kite shield
rNeg     . . .     Spirit   .   k - +1 robe {rC+}
rPois    .         Reflect  .   (helmet restricted)
rElec    .         Harm     .   q - +0 cloak
rCorr    .         Rampage  .   (gloves unavailable)
Will     .....                  (boots unavailable)
Stlth    +.........             j - amulet of magic regeneration
HPRegen  0.64/turn              y - +4 ring of slaying
MPRegen  0.36/turn              u - +4 ring of evasion

@: mighty, brilliant, lethally poisoned (-9 -> -39)
A: large, unfitting armour, claws 3, regeneration 1, shaggy fur 1, tough skin 3
a: no special abilities


You were on level 7 of the Dungeon.
You visited 1 branch of the dungeon, and saw 7 of its levels.
You also visited: Sewer.

You collected 486 gold pieces.

Inventory:

Armour
 a - a +0 robe
 b - a +0 kite shield (worn)
 k - a +1 robe of cold resistance (worn)
   (You found it on level 2 of the Dungeon)
 q - a +0 cloak (worn)
   (You took it off Crazy Yiuf on level 2 of the Dungeon)
Jewellery
 j - an amulet of magic regeneration (around neck)
   (You found it on level 2 of the Dungeon)
 s - an uncursed ring of positive energy
   (You found it on level 3 of the Dungeon)
 u - a +4 ring of evasion (right claw)
   (You found it on level 4 of the Dungeon)
 y - a +4 ring of slaying (left claw)
   (You found it on level 1 of the Dungeon)
 C - an uncursed ring of resist corrosion {unknown}
   (You found it on level 6 of the Dungeon)
Wands
 I - a wand of iceblast (10)
   (You found it on level 4 of the Dungeon)
 V - a wand of flame (5)
   (You took it off Ijyb on level 4 of the Dungeon)
Scrolls
 d - 3 scrolls of teleportation {unknown}
 f - 2 scrolls of enchant weapon {unknown}
 h - a scroll of immolation {unknown}
 i - 2 scrolls of magic mapping {unknown}
 l - 11 scrolls of identify {unknown}
 m - 2 scrolls of fear {unknown}
 o - a scroll of fog {unknown}
 r - a scroll of random uselessness {unknown}
 t - a scroll of amnesia {unknown}
 A - a scroll of enchant armour {unknown}
 W - 2 scrolls of remove curse {@r2}
Potions
 c - a potion of might {@q4}
 e - 3 potions of heal wounds {unknown}
 g - a potion of haste {unknown}
 n - 2 potions of degeneration {unknown}
 p - 2 potions of brilliance
 v - a potion of experience {unknown}
 w - a potion of resistance {unknown}
 x - a potion of mutation {unknown}
 z - a potion of attraction {unknown}
 B - a potion of berserk rage {unknown}
 D - a potion of curing {unknown}


   Skills:
 - Level 5.0 Fighting
 + Level 3.9 Dodging
 + Level 3.9 Shields
 + Level 9.8 Unarmed Combat


You had 8 spell levels left.
You didn't know any spells.
Your spell library was empty.

Dungeon Overview and Level Annotations

Branches:
Dungeon (7/15)              Sewer (visited)
 Temple: D:4-7

Altars:
Ashenzari
Uskayaw
Xom
Yredelemnul

Annotations:
D:7 Harold


Innate Abilities, Weirdness & Mutations

You are too large for most types of armour.
You have claws for hands.
Your natural rate of healing is unusually fast.
You are covered in fur. (AC +1)
You have extremely tough skin. (AC +3)


Message History

* * * LOW HITPOINT WARNING * * *
Unknown command.
You feel very mighty all of a sudden.
You feel very sick.
The orc wizard mumbles some strange words.
The orc wizard blinks!
Harold hits you with a +0 short sword of venom!!
* * * LOW HITPOINT WARNING * * *
You are more poisoned.
You block the orc's attack.
The orc warrior hits you but does no damage.
You block the orc's attack.
Unknown command.
It was a potion of brilliance.
You feel clever all of a sudden.
* * * LOW HITPOINT WARNING * * *
You feel very sick. You block Harold's attack. The orc misses you.
The orc warrior hits you with a +0 dire flail!!
You die...

.......##....!# .#
.......##†....####.#
.........†.........#
.......######..(.#.#####
.......#### #....'.[....
##'#......###...........
#.#.#.........o.#..####
#.#...#.......#oo..#
#.#.....#...#.§@o..#
#.........#....@...#
#.........#........#
#.......#...#......#
#.#...#.... ..#....#
....#...........#".# .
##.......# ........#


You could see Harold, an orc warrior, an orc wizard (fast) and 2 orcs.

Vanquished Creatures
  Menkaure (D:7)
  An ice beast (D:5)
  A black bear (D:6)
  A sky beast (D:7)
  2 necrophages (D:6)
  4 ogres (D:4 D:5 D:6)
  A centaur (D:6)
  4 bullfrogs (Sewer D:6)
  2 scorpions (D:5 D:6)
  A howler monkey (D:4)
  2 jellies (D:2 D:6)
  5 orc wizards (D:4 D:5)
  A bullfrog skeleton (D:6)
  A hound (D:6)
  Crazy Yiuf (D:2)
  4 orc priests (D:4 D:6)
  2 iguanas (D:4 D:5)
  5 worker ants (D:4 D:5 D:6)
  Ijyb (D:4)
  A howler monkey zombie (D:5)
  Robin (D:1)
  2 gnolls (D:1 D:4)
  7 adders (D:2 D:3 Sewer D:4 D:7)
  A shadow imp (D:5)
  2 white imps (D:5 D:6)
  An adder skeleton (D:4)
  A worm (D:3)
  A dart slug (D:4)
  8 leopard geckos (D:1 Sewer D:4 D:5)
  22 orcs (D:3 D:4 D:5 D:6)
  8 bats (D:1 D:2 D:3)
  16 giant cockroaches (D:2 D:3 Sewer D:5)
  7 hobgoblins (D:1 D:2 D:3)
  7 jackals (D:5 D:7)
  5 kobolds (D:1 D:2 D:3)
  A quokka (D:3)
  7 frilled lizards (D:2 Sewer D:4 D:5)
  12 goblins (D:1 D:2 D:3)
  A jackal zombie (D:6)
  2 leopard gecko skeletons (D:4 D:5)
  9 rats (D:1 D:2 D:3)
162 creatures vanquished.

Notes
Turn   | Place    | Note
-------+----------+-------------------------------------------
     0 | D:1      | Canard the Troll Fighter began the quest for the Orb.
     0 | D:1      | Reached XP level 1. HP: 22/22 MP: 0/0
   346 | D:1      | Reached XP level 2. HP: 29/29 MP: 1/1
   567 | D:1      | Reached skill level 3 in Fighting
   710 | D:2      | Reached XP level 3. HP: 37/37 MP: 2/2
   752 | D:2      | Reached skill level 3 in Unarmed Combat
   944 | D:2      | Noticed Robin
   956 | D:1      | Killed Robin
  1038 | D:2      | Reached XP level 4. HP: 43/45 MP: 3/3
  1207 | D:2      | Found a runed translucent door.
  1208 | D:2      | Noticed Crazy Yiuf
  1382 | D:2      | Killed Crazy Yiuf
  1441 | D:3      | Reached XP level 5. HP: 54/54 MP: 4/4
  1529 | D:3      | Reached skill level 4 in Unarmed Combat
  1552 | D:3      | Found a shimmering altar of Xom.
  1555 | D:3      | Found a broken altar of Ashenzari.
  1607 | D:3      | Found a glowing drain.
  1625 | Sewer    | Entered a sewer
  1746 | Sewer    | Reached skill level 4 in Fighting
  1788 | Sewer    | Reached XP level 6. HP: 62/62 MP: 5/5
  1830 | Sewer    | Got a crystal dagger
  2305 | D:4      | Reached skill level 5 in Unarmed Combat
  2577 | D:4      | Reached skill level 5 in Fighting
  2595 | D:4      | Reached XP level 7. HP: 67/72 MP: 6/6
  2648 | D:4      | Noticed Ijyb
  2658 | D:4      | Killed Ijyb
  2770 | D:4      | Reached skill level 6 in Unarmed Combat
  3019 | D:5      | Entered Level 5 of the Dungeon
  3027 | D:5      | Reached skill level 7 in Unarmed Combat
  3203 | D:5      | Reached XP level 8. HP: 80/80 MP: 7/7
  3231 | D:5      | Found a hide-covered altar of Uskayaw.
  3253 | D:5      | Reached skill level 8 in Unarmed Combat
  3568 | D:6      | Reached skill level 9 in Unarmed Combat
  3782 | D:6      | Reached skill level 3 in Dodging
  3782 | D:6      | Reached skill level 3 in Shields
  3911 | D:6      | Found a basalt altar of Yredelemnul.
  3935 | D:6      | Reached XP level 9. HP: 73/88 MP: 8/8
  4166 | D:7      | Noticed Menkaure
  4170 | D:7      | Killed Menkaure
  4173 | D:7      | Noticed Harold
  4182 | D:7      | HP: 12/88 [Harold/+0 short sword of venom (19)]
  4183 | D:7      | Mangled by an orc warrior

Illustrated notes

Levels and vault maps discovered:
D:1:      nicolae_arrival_washed_ashore, layout_loops_ring,
          ebering_dispersal_statue_hall, bh_walls_and_bars
D:2:      layout_rooms, minmay_fountain_box, uniq_robin, uniq_crazy_yiuf_cottage
D:3:      layout_basic, nicolae_overflow_hidden_temple, gup_sewer_entry_glass
D:4:      layout_basic, minmay_mini_jars, uniq_ijyb
D:5:      layout_rooms, old_standard_altar
D:6:      layout_cave_pools, marbit_many_paths
D:7:      layout_basic, temple_hall, serial_shops, shop,
          minmay_misc_feat_more_columns, uniq_menkaure, uniq_harold

Skill      XL: |  1  2  3  4  5  6  7  8 |
---------------+-------------------------+-----
Fighting       | 3 4 5 |  5.0
Unarmed Combat | 3 4 5 7 9 |  9.8
Dodging        | 3 |  3.9
Shields        | 3 |  3.9

Action                   |  1- 3 |  4- 6 |  7- 9 || total
-------------------------+-------+-------+-------++-------
Melee: Unarmed           |    72 |   110 |   188 ||   370
  Use: Scroll            |       |     1 |       ||     1
       Potion            |       |       |     2 ||     2
 Stab: Sleeping          |       |     1 |       ||     1
Armor: Robe              |    31 |    28 |    41 ||   100
Dodge: Dodged            |    25 |    28 |    72 ||   125
Block: Kite shield       |    26 |    32 |    61 ||   119
